 Dungeon Crawl Stone Soup version 0.30-a0-718-geaa24f58ff (webtiles) character file.

Game seed: 7950700444528555692

13274 mopl the Martial Artist (level 12, -9/82 HPs)
             Began as a Djinni Transmuter on Jan 25, 2023.
             Was a High Priest of Okawaru.
             Mangled by an orc knight
             ... wielding a +0 war axe
              (13 damage)
             ... on level 2 of the Orcish Mines.
             The game lasted 00:29:44 (13079 turns).

mopl the Martial Artist (Djinni Transmuter)        Turns: 13079, Time: 00:29:44

Health: -9/82      AC:  6    Str: 13    XL:     12   Next: 30%
Gold:   1151       EV: 24    Int: 17    God:    Okawaru [*****.] SH:  0 Dex: 18

rFire   . . .      SeeInvis .      - Unarmed
rCold   . . .      Faith    .    (shield currently unavailable)
rNeg    . . .      Spirit   .    (body armour currently unavailable)
rPois   ∞          Reflect  .    (helmet currently unavailable)
rElec   .          Harm     .    (cloak currently unavailable)
rCorr   .          Rampage  .    (gloves currently unavailable)
Will    ++...                    (boots unavailable)
Stlth   ++                       (no amulet)
HPRegen 0.33/turn                L - ring of willpower
MPRegen 0.00/turn                D - +4 ring of protection

@: spider-form, flying
A: venomous fangs, flying, sickness immunity, tiny, (fire resistance 2), (cold
vulnerability 1), float, innate caster, HP casting, extra vitality 1
a: End Transformation, Renounce Religion, Heroism, Finesse, Duel


You were on level 2 of the Orcish Mines.
You worshipped Okawaru.
Okawaru was extremely pleased with you.
You were a venomous arachnid creature.
You visited 4 branches of the dungeon, and saw 14 of its levels.
You also visited: Bailey.

You collected 1715 gold pieces.
You spent 564 gold pieces at shops.

Inventory:

Hand Weapons
 h - a +1 war axe of flaming
 j - a +0 hand axe of flaming
Missiles
 a - 25 boomerangs
 f - 3 boomerangs of dispersal
 o - 8 curare-tipped darts
 t - 44 poisoned darts
 v - 8 datura-tipped darts
 P - 2 javelins
Armour
 m - a +0 helmet (melded)
 s - the +4 chain mail "Udi Pubo" {*Corrode rF+ rC+ Int+5}
   (You found it on level 3 of the Dungeon)

   Int:       It affects your intelligence (+5).
   rF:        It protects you from fire.
   rC:        It protects you from cold.
   *Corrode:  It may corrode you when you take damage.
 z - a scarf of repulsion (melded)
 H - a +0 buckler
 M - +0 steam dragon scales (melded)
Jewellery
 i - a +5 ring of evasion
 l - a ring of wizardry
 x - a +5 ring of evasion
 D - a +4 ring of protection (right front pincers)
 L - a ring of willpower (left front pincers)
Wands
 c - a wand of digging (4)
 q - a wand of iceblast (16)
 w - a wand of polymorph (15)
 F - a wand of flame (11)
 G - a wand of quicksilver (10)
Scrolls
 d - 5 scrolls of blinking
 e - 2 scrolls of identify
 n - a scroll of immolation
 y - 5 scrolls of poison
 A - a scroll of magic mapping
 C - 2 scrolls of teleportation
 J - 2 scrolls of silence {!r}
 N - a scroll of fear
Potions
 b - 7 potions of lignification {!q}
 g - 3 potions of haste
 k - a potion of resistance
 u - 7 potions of curing
 I - 3 potions of berserk rage {!q}
 Q - a potion of might
Miscellaneous
 B - a piece from Xom's chessboard (12/15)


   Skills:
 + Level 5.7 Fighting
 + Level 4.6 Throwing
 + Level 5.5 Armour
 + Level 6.7 Dodging
 - Level 4.0 Shields
 * Level 10.5 Unarmed Combat
 + Level 5.6 Spellcasting
 + Level 5.5 Invocations
 + Level 5.6 Evocations


You couldn't memorise any spells.
You knew the following spells:

 Your Spells              Type           Power      Damage    Failure   Level
a - Beastly Appendage     Tmut           46%        N/A       6%          1
b - Spider Form           Tmut/Pois      23%        N/A       13%         3
c - Kiss of Death         Conj/Necr      92%        2d12      6%          1
d - Ice Form              Ice/Tmut       23%        N/A       30%         4
e - Frozen Ramparts       Ice            46%        1d7       13%         3
f - Dazzling Flash        Conj/Hex       46%        N/A       13%         3
o - Olgreb's Toxic Radia  Pois           23%        N/A       30%         4
p - Passwall              Tmut/Erth      19%        N/A       8%          2
w - Wereblood             Tmut           23%        N/A       8%          2
Your spell library was empty.

Dungeon Overview and Level Annotations

Branches:
Dungeon (10/15)            Temple (1/1) D:5            Lair (1/5) D:10
    Orc (2/2) D:9             Elf (0/3) Orc:2        Bailey (visited)

Altars:
Ashenzari
Cheibriados
Dithmenos
Elyvilon
Fedhas
Gozag
Hepliaklqana
Makhleb
Nemelex Xobeh
Okawaru
Qazlal
Ru
Trog
Uskayaw
Wu Jian
Xom
Yredelemnul
Zin
The Shining One
Lugonu

Shops:
D:4 *   D:6 (   D:9 [[:   Orc:2 *[*[

Portals:
Abyss: D:7

Annotations:
Orc:2 Erolcha


Innate Abilities, Weirdness & Mutations

You are a venomous arachnid creature.
You have venomous fangs.
You are tiny and dextrous.
You are flying.
Your spellcasting is less reliable in this form.
Your armour is entirely melded.
You are incapable of wielding weapons or throwing items.
You are immune to sickness and miasma.
You are immune to poison.
((Your flesh is very heat resistant. (rF++)))
((You are vulnerable to cold. (rC-)))
You float through the air rather than walking.
You learn spells naturally, not from books.
Your magical power is your life essence.
You have superior vitality. (+4 MHP)


Message History

The haze of the repulsion field disappears.
You hit the orc knight.
The orc knight is lightly wounded.
You barely miss the orc knight.
The orc knight is lightly wounded.
The orc knight completely misses you.
You bite the orc knight!
The orc knight is moderately wounded.
The orc knight closely misses you.
You barely miss the orc knight.
The orc knight is moderately wounded.
The orc knight hits you with a +0 war axe!
You hit the orc knight.
The orc knight looks even sicker.
The orc knight is moderately wounded.
The orc knight hits you with a +0 war axe.
You hit the orc knight but do no damage.
The orc knight is heavily wounded.
You bite the orc knight!
The orc knight looks as sick as possible!
The orc knight is severely wounded.
The orc knight hits you with a +0 war axe!!
You are too injured to fight recklessly!
You are too injured to fight recklessly!
You bite the orc knight!
The orc knight is almost dead.
The orc knight hits you with a +0 war axe!!
* * * LOW HITPOINT WARNING * * *
You hit the orc knight but do no damage.
The orc knight looks as sick as possible!
The orc knight is almost dead.
The orc knight hits you with a +0 war axe!
* * * LOW HITPOINT WARNING * * *
Things that are here:
a +0 chain mail; a +0 short sword
Aiming: Quicksilver Bolt
Press: ? - help, Shift-Dir - straight line, f - orc knight
Aim: an orc knight, wielding a +0 war axe and wearing a +0 plate armour (almost dead, extremely poisoned, 74% to hit)
The bolt of dispelling energy misses the orc knight.
The orc knight hits you with a +0 war axe!
You die...

...........####...........#.# #..
............#...............###..
...#................##......#....
...##..............###...........
...###.#..........## ###.........
#### ####.......#### ####........
...####..........#.###.#.........
....#......<[.......#............
...###.).).....os...#............
....#...............#.......#....
........#...##............#.#....
....∩.∩##.#####...........#####..
........#.# #.........### #..
....∩.∩.### ##.........# ##.
.#......# ###......## ##
.#.....## #....### # ###..♣.##
###.##


You could see an orc knight (extremely poisoned).

Vanquished Creatures
  A soul eater (D:10)
  Pikel (D:7)
  2 orc knights (Orc:2)
  Maurice (D:9)
  Joseph (D:7)
  An orange demon (D:10)
  A rust devil (D:10)
  Psyche (D:9)
  Maggie (D:7)
  An ice devil (D:10)
  A troll (Orc:2)
  A hellwing (D:10)
  Prince Ribbit (D:7)
  8 yaks
  A wyvern (D:9)
  A wraith (D:10)
  A steam dragon (D:8)
  2 wargs
  An acid dragon (D:10)
  A water moccasin (D:7)
  Duvessa (D:7)
  3 ice beasts
  16 orc warriors
  2 sky beasts
  A swamp drake (D:9)
  A black bear (D:6)
  6 ogres
  6 centaurs
  A phantom (D:5)
  10 kobold brigands
  7 bullfrogs
  4 scorpions
  4 wights
  Dowan (D:7)
  5 killer bees
  6 howler monkeys
  An electric eel (D:9)
  A lava snake (D:7)
  2 quasits (D:10)
  3 jellies
  9 orc priests
  6 hounds
  3 iron imps (D:8)
  2 iguanas
  14 orc wizards
  2 hell rats (D:10)
  9 adders
  2 river rats (D:10)
  A white imp (D:8)
  3 worms
  A dart slug (D:3)
  39 orcs
  9 bats
  8 endoplasms
  4 giant cockroaches
  5 goblins
  13 hobgoblins
  7 jackals
  20 kobolds
  7 quokkas
  5 ball pythons
  3 frilled lizards
  5 rats
  A lurking horror (D:7)
288 creatures vanquished.

Vanquished Creatures (others)
  2 demonic plants (D:10)
  A lurking horror (D:7)
3 creatures vanquished.

Grand Total: 291 creatures vanquished

Notes
Turn   | Place    | Note
-------+----------+-------------------------------------------
     0 | D:1      | mopl the Djinni Transmuter began the quest for the Orb.
     0 | D:1      | mopl set off with the following spells memorised: Beastly
                  | Appendage, Wereblood, Spider Form, Ice Form.
     0 | D:1      | Reached XP level 1. HP: 17/17 MP: 0/0
    36 | D:1      | Found a faded altar of an unknown god.
    63 | D:1      | Reached XP level 2. HP: 8/22 MP: 0/0
   618 | D:1      | Reached XP level 3. HP: 27/27 MP: 0/0
   618 | D:1      | Learned a level 1 spell: Kiss of Death
   703 | D:2      | Reached skill level 2 in Spellcasting
   789 | D:2      | Reached skill level 4 in Unarmed Combat
  1075 | D:2      | Reached XP level 4. HP: 15/32 MP: 0/0
  1395 | D:2      | You are sucked into a shaft and drop 2 floors!
  1454 | D:3      | Reached XP level 5. HP: 29/37 MP: 0/0
  1454 | D:3      | Learned a level 2 spell: Passwall
  1528 | D:3      | Identified the +4 chain mail "Udi Pubo" {*Corrode rF+ rC+
                  | Int+5}
  2058 | D:2      | Reached skill level 5 in Unarmed Combat
  2531 | D:4      | Noticed an ogre
  2539 | D:4      | Killed an ogre
  2540 | D:4      | Reached XP level 6. HP: 41/42 MP: 0/0
  2638 | D:4      | Found Kocrame's General Store.
  2662 | D:4      | Reached skill level 3 in Spellcasting
  2678 | D:4      | Bought a scroll of blinking for 90 gold pieces
  2678 | D:4      | Bought a potion of resistance for 120 gold pieces
  2678 | D:4      | Bought a scroll of blinking for 90 gold pieces
  3036 | D:4      | Found a glowing golden altar of the Shining One.
  3128 | D:5      | Entered Level 5 of the Dungeon
  3161 | D:5      | Reached skill level 6 in Unarmed Combat
  3221 | D:5      | Noticed an ogre
  3384 | D:5      | Found a shimmering altar of Xom.
  3384 | D:5      | Found a hide-covered altar of Uskayaw.
  3386 | D:5      | Found an opulent altar of Gozag.
  3386 | D:5      | Found a white marble altar of Elyvilon.
  3403 | D:5      | Found a sparkling altar of Nemelex Xobeh.
  3412 | D:5      | Reached XP level 7. HP: 46/47 MP: 0/0
  3412 | D:5      | Learned a level 3 spell: Frozen Ramparts
  3562 | D:5      | Found a blossoming altar of Fedhas.
  3577 | D:5      | Found a bloodstained altar of Trog.
  3580 | D:5      | Found a staircase to the Ecumenical Temple.
  3596 | Temple   | Entered the Ecumenical Temple
  3620 | Temple   | Became a worshipper of Warmaster Okawaru
  4073 | D:5      | Reached skill level 1 in Armour
  4136 | D:6      | Reached skill level 1 in Evocations
  4141 | D:6      | Reached skill level 1 in Shields
  4238 | D:6      | Reached skill level 1 in Invocations
  4238 | D:6      | Reached XP level 8. HP: 50/52 MP: 0/0
  4256 | D:6      | Reached * piety under Okawaru
  4257 | D:6      | Reached skill level 1 in Throwing
  4287 | D:6      | Found Jaycag's Weapon Boutique.
  4413 | D:6      | Reached skill level 3 in Dodging
  4430 | D:6      | Reached skill level 2 in Fighting
  4430 | D:6      | Reached skill level 7 in Unarmed Combat
  4762 | D:7      | Reached skill level 2 in Armour
  4762 | D:7      | Reached skill level 2 in Evocations
  4799 | D:7      | Reached skill level 2 in Shields
  4799 | D:7      | Reached skill level 2 in Invocations
  4813 | D:7      | Reached ** piety under Okawaru
  4814 | D:7      | Reached XP level 9. HP: 43/59 MP: 0/0
  4814 | D:7      | Learned a level 3 spell: Dazzling Flash
  4822 | D:7      | Found a basalt altar of Yredelemnul.
  5093 | D:7      | Found a one-way gate to the infinite horrors of the Abyss.
  5216 | D:7      | Reached skill level 2 in Throwing
  5235 | D:7      | Found a corrupted altar of Lugonu.
  5282 | D:7      | Noticed Duvessa
  5282 | D:7      | Noticed Dowan
  5312 | D:7      | Killed Duvessa
  5313 | D:7      | Reached skill level 4 in Spellcasting
  5326 | D:7      | Killed Dowan
  5453 | D:7      | Reached skill level 3 in Fighting
  5453 | D:7      | Reached skill level 4 in Dodging
  5478 | D:7      | Noticed Joseph
  5491 | D:7      | HP: 2/90 [Joseph/+3 spectral quarterstaff (6)]
  5504 | D:7      | Killed Joseph
  5504 | D:7      | Reached *** piety under Okawaru
  5505 | D:7      | Reached skill level 3 in Armour
  5505 | D:7      | Reached skill level 3 in Evocations
  5731 | D:7      | Noticed Maggie
  5746 | D:7      | Killed Maggie
  5746 | D:7      | Received a gift from Okawaru
  5747 | D:7      | Reached skill level 3 in Shields
  5747 | D:7      | Reached skill level 8 in Unarmed Combat
  5747 | D:7      | Reached skill level 3 in Invocations
  6099 | D:7      | Reached XP level 10. HP: 50/67 MP: 0/0
  6294 | D:4      | Bought a potion of berserk rage for 60 gold pieces
  6294 | D:4      | Bought a scroll of silence for 114 gold pieces
  7052 | D:8      | Reached skill level 3 in Throwing
  7092 | D:8      | Noticed Prince Ribbit
  7261 | D:7      | Killed Prince Ribbit
  7452 | D:8      | Noticed Pikel
  7454 | D:8      | Reached skill level 4 in Fighting
  7454 | D:8      | Reached skill level 5 in Dodging
  7474 | D:7      | Killed Pikel
  7474 | D:7      | Reached **** piety under Okawaru
  7475 | D:7      | Reached skill level 4 in Armour
  7475 | D:7      | Reached skill level 4 in Evocations
  7603 | D:8      | Reached skill level 4 in Shields
  7724 | D:8      | Reached skill level 4 in Invocations
  7730 | D:8      | Reached skill level 9 in Unarmed Combat
  7757 | D:7      | Reached ***** piety under Okawaru
  7758 | D:7      | Reached XP level 11. HP: 22/74 MP: 0/0
  7758 | D:7      | Learned a level 4 spell: Olgreb's Toxic Radiance
  8206 | D:8      | Found a burning altar of Makhleb.
  8249 | D:9      | Noticed Maurice
  8304 | D:9      | Killed Maurice
  8304 | D:9      | Received a gift from Okawaru
  8444 | D:9      | Found Zueji's Book Boutique.
  8458 | D:9      | Found Luckacso's Armour Boutique.
  8570 | D:9      | Found a sacrificial altar of Ru.
  8595 | D:9      | Reached skill level 5 in Spellcasting
  8634 | D:9      | Found a stormy altar of Qazlal.
  8645 | D:9      | Found a hazy altar of Hepliaklqana.
  8673 | D:9      | Noticed Psyche
  9023 | D:9      | Killed Psyche
  9108 | D:9      | Found a broken altar of Ashenzari.
  9230 | D:9      | Found Iqaomnit's Antique Armour Boutique.
  9259 | D:9      | Found a staircase to the Orcish Mines.
  9630 | D:10     | Entered Level 10 of the Dungeon
  9630 | D:10     | Noticed a death yak
  9631 | D:10     | Noticed a death yak
  9752 | D:10     | Reached skill level 4 in Throwing
  9767 | D:10     | Found a flagged portal.
  9795 | Bailey   | Entered a bailey
  9837 | Bailey   | Reached skill level 6 in Dodging
 10038 | Bailey   | Reached skill level 5 in Fighting
 10062 | Bailey   | Reached skill level 5 in Evocations
 10074 | Bailey   | Found a burning altar of Makhleb.
 10122 | D:10     | Found a staircase to the Lair.
 10122 | D:10     | Noticed a death yak
 10219 | D:10     | Noticed a soul eater
 10254 | D:10     | HP: 2/75 [soul eater (19)]
 10255 | D:10     | Received a gift from Okawaru
 10256 | D:10     | Reached skill level 5 in Armour
 10256 | D:10     | Reached skill level 5 in Invocations
 10258 | D:10     | Killed a soul eater
 10259 | D:10     | Reached skill level 10 in Unarmed Combat
 10875 | D:10     | HP: 2/76 [death yak (16)]
 11490 | Lair:1   | Entered Level 1 of the Lair of Beasts
 11553 | Orc:1    | Entered Level 1 of the Orcish Mines
 11557 | Orc:1    | Received a gift from Okawaru
 11564 | Orc:1    | Reached XP level 12. HP: 59/81 MP: 0/0
 11840 | Orc:2    | Entered Level 2 of the Orcish Mines
 11847 | Orc:2    | Found a staircase to the Elven Halls.
 11884 | Orc:2    | Found Erghaffoi's Antique Armour Shoppe.
 12154 | Orc:2    | Found Nijip's Armour Boutique.
 12510 | Orc:2    | Found Rizat's General Store.
 12520 | Orc:2    | Bought a scroll of blinking for 90 gold pieces
 12525 | Orc:2    | Noticed Erolcha
 12574 | Orc:2    | Found Varig's Assorted Antiques.
 12626 | Orc:2    | Received a gift from Okawaru
 13073 | Orc:2    | HP: 2/82 [orc knight/+0 war axe (15)]
 13079 | Orc:2    | Mangled by an orc knight

Illustrated notes

Levels and vault maps discovered:
D:1:      nzn_arrival_settlement, layout_rooms, shapermc_ecumenical_altar_gd,
          roderic_roman_lattice
D:2:      layout_loops_ring, kennysheep_generic_room_2
D:3:      layout_loops_ring, minivault_11
D:4:      layout_basic, lemuel_doored_altar,
          mainiacjoe_overflow_surrounded_room, serial_shops, shop_statue
D:5:      layout_basic, grunt_temple_overflow_open,
          minmay_temple_entry_stoned_glass
D:6:      layout_basic, serial_shops, shop
D:7:      layout_basic, mainiacjoe_overflow_cross_hatched, kennysheep_diamond,
          amcnicky_altar_lugonu_corruption, uniq_maggie, uniq_duvessa,
          uniq_joseph
D:8:      layout_rooms, demons_altar, st_stairs_7, minmay_between,
          uniq_prince_ribbit1, uniq_pikel
D:9:      layout_rooms, mainiacjoe_overflow_chevrons, nicolae_overflow_squiral,
          evilmike_ruin_ashenzari, erik_orc_1, serial_shops,
          kennysheep_mini_moat, shop_fountains, shop, uniq_maurice, uniq_psyche
D:10:     layout_roguey, dpeg_lair_monsters, enter_bailey_6, serial_demonic,
          serial_demonic_c, serial_demonic_g, serial_demonic_d, serial_demonic_g
Temple:   nicolae_temple_little_seven
Lair:1:   layout_chaotic_city, chequers_serial_rivers_large_a,
          lemuel_old_faithful
Orc:1:    layout_caves, basic_altar, uniq_snorg
Orc:2:    st_orc_town, layout_diamond_mine, serial_shops,
          nicolae_shop_temple_entry_statues_fountains,
          nicolae_shop_competitors_out_of_business, shop, nicolae_shop_trees,
          uniq_erolcha

Skill      XL: |  1  2  3  4  5  6  7  8  9 10 11 |
---------------+----------------------------------+-----
Spellcasting   | 2 3 4 5 |  5.6
Unarmed Combat | 4 5 6 7 8 9 10 | 10.5
Armour         | 1 2 3 4 5 |  5.5
Evocations     | 1 2 3 4 5 |  5.6
Shields        | 1 2 3 4 |  4.0
Invocations    | 1 2 3 4 5 |  5.5
Throwing       | 1 2 3 4 |  4.6
Dodging        | 3 4 5 6 |  6.7
Fighting       | 2 3 4 5 |  5.7

Action                     |  1- 3 |  4- 6 |  7- 9 | 10-12 || total
---------------------------+-------+-------+-------+-------++-------
  Melee: Unarmed           |   105 |   175 |   195 |   646 ||  1121
         Headbutt          |     9 |    14 |       |       ||    23
         Punch             |       |     1 |     4 |    26 ||    31
   Cast: Beastly Appendage |    14 |    15 |       |       ||    29
         Wereblood         |       |     1 |     1 |     4 ||     6
         Spider Form       |       |    17 |    15 |    33 ||    65
         Passwall          |       |     1 |       |     1 ||     2
         Ice Form          |       |       |     3 |     6 ||     9
         Frozen Ramparts   |       |       |       |     1 ||     1
         Olgreb's Toxic Ra |       |       |       |    27 ||    27
 Invoke: Heroism           |       |       |       |     3 ||     3
         Finesse           |       |       |       |     1 ||     1
Ability: End Transformatio |       |       |     1 |     1 ||     2
  Evoke: Wand              |       |       |     2 |     8 ||    10
         Piece from Xom's  |       |       |       |     5 ||     5
    Use: Potion            |       |       |     5 |     2 ||     7
         Scroll            |       |       |       |    20 ||    20
   Stab: Sleeping          |     2 |     1 |     1 |       ||     4
 Armour: Robe              |    12 |    26 |    11 |       ||    49
         Skin              |       |     6 |    26 |    66 ||    98
         Steam dragon scal |       |       |     8 |    67 ||    75
  Dodge: Dodged            |    69 |   147 |   147 |   519 ||   882
         Repelled          |       |       |     2 |     4 ||     6

Table legend: (Time is in decaauts)
 A = Elapsed time spent in this place.
 B = Non-inter-level travel time spent in this place.
 C = Inter-level travel time spent in this place.
 D = Time resting spent in this place.
 E = Time spent auto-exploring this place.
 F = Levels seen in this place.
 G = Mean time per level.
                   A        B        C        D        E       F      G
               +--------+--------+--------+--------+--------+-----+--------+
         Total |  12904 |  12248 |    656 |   4225 |   5168 |  15 |  860.3 |
       Dungeon |  11054 |  10439 |    615 |   3374 |   4769 |  10 | 1105.4 |
        Temple |     32 |     24 |      8 |      0 |      0 |   1 |   32.0 |
          Lair |     10 |      8 |      2 |      0 |      0 |   1 |   10.0 |
  Orcish Mines |   1504 |   1475 |     29 |    762 |    384 |   2 |  752.0 |
        Bailey |    301 |    301 |      0 |     89 |     15 |   1 |  301.0 |
               +--------+--------+--------+--------+--------+-----+--------+

Top non-repeatable levels by time:
     D:7: 2565 daAuts
    D:10: 1512 daAuts
     D:9: 1133 daAuts
   Orc:2: 1117 daAuts
     D:2: 1038 daAuts
     D:8: 1014 daAuts
     D:5: 883 daAuts
     D:4: 842 daAuts
     D:3: 751 daAuts
     D:1: 683 daAuts
     D:6: 628 daAuts
   Orc:1: 387 daAuts
  Bailey: 301 daAuts
  Temple: 32 daAuts
  Lair:1: 10 daAuts
